 Dungeon Crawl Stone Soup version 0.26-a0-665-gefeb406119 (webtiles) character file.

Game seed: 10155699895982407282

1 demenzo the Sneak (level 1, 0/13 HPs)
             Began as a Vampire Delver on Oct 13, 2020.
             Slain by a worker ant (6 damage)
             ... on level 5 of the Dungeon.
             The game lasted 00:02:22 (257 turns).

demenzo the Sneak (Vampire Delver)                   Turns: 257, Time: 00:02:22

Health: 0/13       AC:  3    Str: 11    XL:     1   Next: 16%
Magic:  1/1        EV: 12    Int: 12    God:
Gold:   13         SH:  0    Dex: 15    Spells: 0/0 levels left

rFire    . . .     SeeInvis +   a - +0 falchion
rCold    + + .     Faith    .   (no shield)
rNeg     + + +     Spirit   .   b - +0 leather armour
rPois    ∞         Reflect  .   (no helmet)
rElec    .         Harm     .   (no cloak)
rCorr    .         Rampage  .   (no gloves)
MR       .....                  (no boots)
Stlth    +++++.....             (no amulet)
HPRegen  0.00/turn              (no ring)
MPRegen  0.07/turn              (no ring)

@: bloodless, hasted, very quick
A: fangs 3, see invisible, unbreathing
a: Revivify


You were on level 5 of the Dungeon.
You visited 1 branch of the dungeon, and saw 2 of its levels.

You collected 13 gold pieces.

Inventory:

Hand Weapons
 a - a +0 falchion (weapon)
Armour
 b - a +0 leather armour (worn)
Wands
 g - a wand of digging (3)
Scrolls
 c - a scroll of fog
 e - a scroll of fear
 i - a scroll of remove curse {unknown}
Potions
 f - 2 potions of haste
 h - a potion of curing {unknown}


   Skills:
 + Level 2.7 Fighting
 * Level 2.0 Long Blades
 + Level 2.2 Dodging
 + Level 7.2 Stealth


You couldn't memorise any spells.
You didn't know any spells.
Your spell library was empty.

Dungeon Overview and Level Annotations

Branches:
Dungeon (6/15)
 Temple: D:4-7

Altars:

Annotations:
D:5 exclusions: ogre and scorpion
D:6 exclusion: skeleton


Innate Abilities, Weirdness & Mutations

You do not regenerate when monsters are visible.
You are frail without blood (-20% HP).
You can heal yourself when you bite living creatures.
You are immune to poison.
You have razor-sharp teeth.
You have supernaturally acute eyesight. (SInv)
You can survive without breathing.


Message History

The ogre shouts!
Found a rapier.
A water moccasin skeleton comes into view.
Found a long sword.
Found 12 gold pieces.
You see here a rapier.
Found 24 stones.
An adder comes into view.
An iguana comes into view.
An adder comes into view.
Found 20 stones.
Found a stone staircase leading down.
As you read the scroll of magic mapping, it crumbles to dust.
You feel aware of your surroundings.
You sensed 1 altar.
The scorpion barely misses you.
There is a stone staircase leading down here.
Found 21 gold pieces.
A worker ant comes into view.
You feel yourself speed up. The worker ant bites you.
You die...

#).........##.#,* *,***,* *,,,,
...........##.#** *,,,,,* *,***
#Z.........##.# ****,,* *,*
.....#...#.##.# *,,****,*
.....)...#.##.# ****#*,,,,,,,***
..##.#.#.#.##.# *,,.#*,,,,,,,,,,
**##.#.#.#.##.# *,..##.,,,,,,,,,
#....#.#.##.####......,,,,,*,**
###..###.#,#...s@....#*,,,,,,*,,,
.....#.....$...B.....#*,,,,,,,,,*
##...................#*,,,,,,**,,
##.......#...........#*,********,
.....#.................,* *,
##..........#.##......##********,
........................,,,,,,,,,
.....#####..##*#......##********,
#........#..#*,,,,,,,,* *,,,,


You could see a scorpion and a worker ant.

Vanquished Creatures
  A giant cockroach (D:6)
1 creature vanquished.

Notes
Turn   | Place    | Note
-------+----------+-------------------------------------------
     0 | D:5      | demenzo the Vampire Delver began the quest for the Orb.
     0 | D:5      | Reached XP level 1. HP: 17/17 MP: 1/1
     7 | D:5      | Noticed a scorpion
    94 | D:6      | Noticed an orc priest
    94 | D:6      | Noticed a scorpion
   131 | D:5      | Noticed an ogre
   209 | D:5      | Noticed an ogre
   235 | D:5      | Noticed an iguana
   253 | D:5      | Noticed a worker ant
   257 | D:5      | Slain by a worker ant

Illustrated notes

Levels and vault maps discovered:
D:5:      layout_basic, lemuel_statue_altar
D:6:      layout_loops_ring, basic_altar, hangedman_abyss_or_decor_lesser_grid,
          tgw_trog

Action                   || total
-------------------------++-------
Melee: Falchion          ||     7
       Bite              ||     1
 Abil: Exsanguinate      ||     1
  Use: Scroll            ||     1
       Potion            ||     1
 Stab: Sleeping          ||     1
Armor: Leather armour    ||     3
Dodge: Dodged            ||     6
       Rpst.: Falchion   ||     1

Table legend: (Time is in decaauts)
 A = Elapsed time spent in this place.
 B = Non-inter-level travel time spent in this place.
 C = Inter-level travel time spent in this place.
 D = Time resting spent in this place.
 E = Time spent auto-exploring this place.
 F = Levels seen in this place.
 G = Mean time per level.
                   A        B        C        D        E       F      G
               +--------+--------+--------+--------+--------+-----+--------+
         Total |    258 |    258 |      0 |      0 |      7 |   2 |  129.0 |
       Dungeon |    258 |    258 |      0 |      0 |      7 |   2 |  129.0 |
               +--------+--------+--------+--------+--------+-----+--------+

Top non-repeatable levels by time:
     D:5: 151 daAuts
     D:6: 107 daAuts
